 Dungeon Crawl Stone Soup version 0.23.0-3-gf3c87f2 (webtiles) character file.

Game seed: 3162479961924486317

583 Borgoz the Skirmisher (level 7, -1/60 (61) HPs)
             Began as a Ghoul Monk on Feb 22, 2019.
             Splashed by a jelly's acid (10 damage)
             ... on level 5 of the Dungeon.
             The game lasted 00:12:25 (5619 turns).

Borgoz the Skirmisher (Ghoul Monk)                  Turns: 5619, Time: 00:12:26

HP:   -1/60 (61)    AC: -15   Str: 18    XL:     7   Next: 37%
MP:   6/6           EV: 14    Int:  5    God:
Gold: 288           SH:  0    Dex: 13    Spells: 6/6 levels left

rFire    + . .     SeeInvis .   m - +1 dagger (pain)
rCold    + + .     Gourm    .   (no shield)
rNeg     + + +     Faith    .   o - +0 animal skin (curse)
rPois    ∞         Spirit   .   n - +0 helmet
rElec    .         Reflect  .   b - scarf {rC+ rF+}
rCorr    .         Harm     .   (no gloves)
MR       .....                  r - +0 pair of boots
Stlth    ++........             (no amulet)
HPRegen  0.00/turn              j - +3 ring of strength
MPRegen  0.10/turn              (no ring)

@: corroded, rotting
A: rotting body, claws 1, carnivore, cold resistance 1, negative energy
resistance 3, inhibited regeneration, torment resistance, unbreathing
a: no special abilities


You were on level 5 of the Dungeon.
You were not hungry.

You visited 1 branch of the dungeon, and saw 6 of its levels.

You collected 288 gold pieces.

Inventory:

Hand Weapons
 m - a +1 dagger of pain (weapon)
Missiles
 a - 16 poisoned needles
Armour
 b - a scarf of resistance (worn)
 h - a +0 buckler
 n - a +0 helmet (worn)
 o - a cursed +0 animal skin (worn)
 r - a +0 pair of boots (worn)
Jewellery
 j - a +3 ring of strength (left claw)
 k - an uncursed ring of ice
Scrolls
 f - 2 scrolls of enchant weapon
 g - 3 scrolls of remove curse
 i - 2 scrolls of teleportation
 p - a scroll of magic mapping
Comestibles
 c - 11 rations


   Skills:
 + Level 5.1 Fighting
 + Level 5.0 Short Blades
 + Level 1.6 Armour
 + Level 4.3 Dodging
 + Level 3.4 Stealth


You had 6 spell levels left.
You didn't know any spells.
Your spell library was empty.

Dungeon Overview and Level Annotations

Branches:
Dungeon (6/15)
 Temple: D:4-7

Altars:
Trog
Xom

Annotations:
D:5 Sigmund


Innate Abilities, Weirdness & Mutations

Your body is rotting away.
You thrive on raw meat.
You are immune to poison.
You have sharp fingernails.
You are carnivorous and can eat meat at any time.
Your flesh is cold resistant. (rC+)
You are immune to negative energy. (rN+++)
You do not regenerate when monsters are visible.
You are immune to unholy pain and torment.
You can survive without breathing.


Message History

You completely miss the jelly.
The jelly is severely wounded.
The jelly barely misses you.
You hit the jelly.
Your claws burn!
The jelly is almost dead.
You hit the jelly but do no damage. The acid corrodes you!
Your claws burn!
The jelly is almost dead.
The jelly hits you. The acid corrodes you!
You are splashed with acid!
You are too injured to fight recklessly!
You hit the jelly but do no damage. The acid corrodes you!
Your claws burn!
The jelly is almost dead.
The jelly hits you.
You are splashed with acid.
* * * LOW HITPOINT WARNING * * *
You hit the jelly but do no damage. The acid corrodes you!
Your claws burn!
* * * LOW HITPOINT WARNING * * *
The jelly is almost dead.
The jelly hits you.
* * * LOW HITPOINT WARNING * * *
You are splashed with acid!
You die...

#############
###.......[...#######
..'.....>............
###...........######
###.........J......#
.##...........####.#
..#...........#<@J.#
..#...........######
..#.................
.##.......(...######
.###'########## .# ##
# .. ####...


You could see a jelly.

Vanquished Creatures
  A scorpion (D:4)
  A howler monkey (D:4)
  A hound (D:6)
  2 orc priests
  3 orc wizards (D:3)
  Jessica (D:3)
  A bullfrog skeleton (D:3)
  An iguana (D:4)
  Robin (D:2)
  4 gnolls
  A howler monkey skeleton (D:4)
  6 adders
  6 worms
  5 dart slugs
  A leopard gecko (D:2)
  7 orcs (D:3)
  5 giant cockroaches
  11 hobgoblins
  6 jackals
  2 quokkas
  A ball python (D:3)
  6 bats
  7 frilled lizards
  18 goblins
  12 kobolds
  5 rats
115 creatures vanquished.

Notes
Turn   | Place    | Note
-------+----------+-------------------------------------------
     0 | D:1      | Borgoz the Ghoul Monk began the quest for the Orb.
     0 | D:1      | Reached XP level 1. HP: 19/19 MP: 0/0
    40 | D:1      | Reached XP level 2. HP: 8/26 MP: 1/1
   321 | D:1      | Reached XP level 3. HP: 33/33 MP: 2/2
  1042 | D:2      | Reached XP level 4. HP: 29/40 MP: 3/3
  1632 | D:2      | Reached XP level 5. HP: 33/46 MP: 4/4
  1827 | D:2      | Reached skill level 1 in Armour
  1973 | D:3      | Noticed Robin
  2066 | D:2      | Killed Robin
  2426 | D:3      | HP: 2/47 [orc priest/+1 whip of freezing (5)]
  2811 | D:3      | Reached XP level 6. HP: 12/53 MP: 5/5
  2965 | D:3      | Noticed Jessica
  2975 | D:3      | Killed Jessica
  2998 | D:3      | Found a shimmering altar of Xom.
  3478 | D:3      | Reached XP level 7. HP: 20/60 MP: 6/6
  3956 | D:4      | HP: 3/60 [iguana (14)]
  4624 | D:5      | Entered Level 5 of the Dungeon
  4751 | D:6      | Reached skill level 5 in Fighting
  5087 | D:5      | Noticed Sigmund
  5346 | D:5      | Found a bloodstained altar of Trog.
  5401 | D:6      | Reached skill level 5 in Short Blades
  5619 | D:5      | Splashed by a jelly's acid

Skill      XL: |  1  2  3  4  5  6  7 |
---------------+----------------------+-----
Short Blades   | 3 4 5 |  5.0
Dodging        | 3 4 |  4.3
Fighting       | 4 5 |  5.1
Armour         | 1 |  1.6
Stealth        | 3 |  3.4

Action                   |  1- 3 |  4- 6 |  7- 9 || total
-------------------------+-------+-------+-------++-------
Melee: Short sword       |   141 |   175 |       ||   316
       Dagger            |       |   267 |   201 ||   468
  Use: Potion            |     1 |     8 |     3 ||    12
       Scroll            |       |     8 |     6 ||    14
 Stab: Sleeping          |     4 |     5 |     1 ||    10
       Invisible         |       |     2 |       ||     2
  Eat: Chunk             |    16 |    46 |    10 ||    72
Armor: Robe              |    17 |       |       ||    17
       Leather armour    |     1 |    30 |       ||    31
       Animal skin       |       |    40 |    18 ||    58
Dodge: Dodged            |    86 |   260 |   104 ||   450
